 Dungeon Crawl Stone Soup version 0.31.0-4-g52a2dc7128 (webtiles) character file.

Game seed: 15308780415381424276

114 Zdeegee the Sneak (level 4, -7/34 HPs)
             Began as a Demonspawn Brigand on Jan 21, 2024.
             Mangled by jujuben's ghost (9 damage)
             ... on level 2 of the Dungeon.
             The game lasted 00:12:18 (3193 turns).

Zdeegee the Sneak (Demonspawn Brigand)              Turns: 3193, Time: 00:12:18

Health: -7/34      AC:  3    Str:  6 (9)  XL:     4   Next: 66%
Magic:  4/4        EV: 11    Int: 10 (11) God:
Gold:   214        SH:  9    Dex: 14 (17) Spells: 3/3 levels left

rFire   + . .        v - +1 rapier (venom)
rCold   x . .        n - +0 buckler
rNeg    . . .        b - +0 robe
rPois   .            (helmet restricted)
rElec   +            c - +0 cloak
rCorr   .            (no gloves)
SInv    .            (no boots)
Will    +....        w - amulet of reflection
Stlth   +++          x - ring of the Pharaoh's Fist {Fire rElec Will+ Str-2}
HPRegen 0.25/turn    (no ring)
MPRegen 0.09/turn

%: reflection
@: mighty
A: antennae 1, demonic guardian 1
a: no special abilities


You were on level 2 of the Dungeon.
You visited 1 branch of the dungeon, and saw 3 of its levels.

You collected 214 gold pieces.

Inventory:

Hand Weapons
 a - a +2 dagger
 v - a +1 rapier of venom (weapon)
Missiles
 d - 10 poisoned darts (quivered)
 e - 3 curare-tipped darts
Armour
 b - a +0 robe (worn)
 c - a +0 cloak (worn)
 h - the +0 chain mail "Orchu" {^Contam rPois Dex+7}
   (You found it on level 2 of the Dungeon)

   Dex+7:     It affects your dexterity (+7).
   rPois:     It protects you from poison ^Contam: It causes magical
   contamination when unequipped.
 n - a +0 buckler (worn)
Jewellery
 s - an amulet of magic regeneration
 w - an amulet of reflection (around neck)
 x - the ring of the Pharaoh's Fist (left hand) {Fire rElec Will+ Str-2}
   (You found it on level 3 of the Dungeon)

   [ring of fire]

   Fire:      It enhances your fire magic.
   Str-2:     It affects your strength (-2).
   rF+:       It protects you from fire.
   rC-:       It makes you vulnerable to cold.
   rElec:     It insulates you from electricity.
   Will+:     It increases your willpower.
Scrolls
 j - 5 scrolls of teleportation {unknown}
 k - a scroll of butterflies {unknown}
 l - a scroll of blinking {unknown}
 o - a scroll of enchant armour {unknown}
 q - a scroll of noise {unknown}
 r - a scroll of enchant weapon {unknown}
 u - a scroll of acquirement {unknown}
Potions
 f - a potion of attraction
 g - a potion of cancellation
 i - a potion of mutation
 m - a potion of resistance
 p - a potion of might


   Skills:
 * Level 2.4 Fighting
 * Level 2.4 Short Blades
 + Level 2.2 Throwing
 * Level 1.4 Dodging
 * Level 4.3 Stealth
 * Level 0.6 Shields
 * Level 0.9 Hexes
 * Level 1.0 Evocations


You had 3 spell levels left.
You didn't know any spells.
Your spell library was empty.

Dungeon Overview and Level Annotations

Branches:
Dungeon (3/15)

Altars:
Hepliaklqana

Annotations:
D:2 jujuben's ghost, amateur MiHu


Innate Abilities, Weirdness & Mutations

You have a pair of small antennae on your head.
A weak demonic guardian rushes to your aid.


Message History

Jujuben's ghost is lightly damaged.
Jujuben's ghost closely misses you.
You hit jujuben's ghost but do no damage.
Jujuben's ghost is lightly damaged.
Jujuben's ghost closely misses you.
You closely miss jujuben's ghost.
Jujuben's ghost is lightly damaged.
Jujuben's ghost hits you but does no damage.
Jujuben's ghost attacks as it pursues you!
Jujuben's ghost hits you.
Jujuben's ghost attacks as it pursues you!
Jujuben's ghost barely misses you.
Jujuben's ghost attacks as it pursues you!
Jujuben's ghost hits you.
Jujuben's ghost attacks as it pursues you!
You block jujuben's ghost's attack.
Jujuben's ghost attacks as it pursues you!
Jujuben's ghost hits you.
There is an escape hatch in the ceiling here.
Jujuben's ghost hits you!
* * * LOW HITPOINT WARNING * * *
A demonic guardian appears!
A mysterious force pulls you upwards. The hatch slams shut behind you.
Okay, then.
It was a potion of might.
You feel very mighty all of a sudden.
Jujuben's ghost laughs crazily.
Jujuben's ghost hits you.
* * * LOW HITPOINT WARNING * * *
It was a potion of degeneration.
There was something very wrong with that liquid.
You feel weakened.
You feel dopey.
You feel clumsy. You block jujuben's ghost's attack.
You puncture jujuben's ghost!
Jujuben's ghost is moderately damaged.
Jujuben's ghost misses you.
You puncture jujuben's ghost!
Jujuben's ghost is heavily damaged.
Jujuben's ghost hits you!
You die...

####..# ##.......## ##..#
##.# ##.....## ####.#####
#.# ##...## #.......)# #.##
##+## #.##.###.# #####..#
#.# #.##.# #.# #......# #.#
#(##.# #.# #......# ##.##
#.##.# #.# ..._...##
##..W## #.##.###.#
........# #....@#
#........# ......#.##
##...## ####.#####
.#.##(...#####.##########.#
...####...................#
##.# #.######.############
#.####.# #.# #......# #.#
######### #.# ......# #.#


You could see jujuben's ghost.

Vanquished Creatures
  3 adders
  2 dart slugs
  2 ribbon worms
  3 orcs (D:3)
  9 ball pythons
  5 bats
  4 endoplasms
  4 giant cockroaches
  5 hobgoblins
  4 jackals (D:1)
  6 quokkas
  4 frilled lizards
  3 goblins
  9 kobolds
  3 rats
66 creatures vanquished.

Vanquished Creatures (collateral kills)
  2 orcs (D:3)
2 creatures vanquished.

Grand Total: 68 creatures vanquished

Notes
Turn   | Place    | Note
-------+----------+-------------------------------------------
     0 | D:1      | Zdeegee the Demonspawn Brigand began the quest for the Orb.
     0 | D:1      | Reached XP level 1. HP: 16/16 MP: 1/1
   111 | D:1      | Reached skill level 1 in Dodging
   291 | D:1      | Gained mutation: You have a pair of small antennae on your
                  | head. [demonic ancestry]
   291 | D:1      | Reached XP level 2. HP: 22/22 MP: 2/2
   538 | D:1      | Reached skill level 4 in Stealth
   614 | D:1      | Reached XP level 3. HP: 23/27 MP: 3/3
  1582 | D:2      | Identified the +0 chain mail "Orchu" {^Contam rPois Dex+7}
  1691 | D:2      | Found a hazy altar of Hepliaklqana.
  2016 | D:2      | Gained mutation: A weak demonic guardian rushes to your
                  | aid. [demonic ancestry]
  2016 | D:2      | Reached XP level 4. HP: 21/33 MP: 4/4
  2402 | D:3      | Found a runed translucent gate.
  2402 | D:3      | Found a runed translucent gate.
  2402 | D:3      | Found a runed translucent gate.
  2538 | D:3      | Noticed jujuben's ghost (amateur MiHu)
  2738 | D:3      | Identified the ring of the Pharaoh's Fist {Fire rElec Will+
                  | Str-2}
  2966 | D:3      | Reached skill level 1 in Evocations
  3190 | D:2      | HP: 1/34 [jujuben's ghost (2)]
  3193 | D:2      | Mangled by jujuben's ghost

Illustrated notes

Levels and vault maps discovered:
D:1:      erik_arrival_blinker_ship, layout_loops_ring, minmay_crystal_water,
          minmay_misc_feat_rugged, feat_on_display
D:2:      layout_loops_corners, basic_altar, due_unseen_surprise
D:3:      layout_basic, gammafunk_ghost_split

Skill      XL: |  1  2  3  4 |
---------------+-------------+-----
Dodging        | 1 |  1.4
Throwing       | 2 |  2.2
Short Blades   | 2 |  2.4
Stealth        | 4 |  4.3
Evocations     | 1 |  1.0
Fighting       | |  2.4
Shields        | |  0.6
Hexes          | |  0.9

Action                     |  1- 3 |  4- 6 || total
---------------------------+-------+-------++-------
  Melee: Dagger            |   159 |    22 ||   181
         Rapier            |       |    41 ||    41
  Throw: Dart              |     5 |    19 ||    24
    Use: Scroll            |     3 |     1 ||     4
         Potion            |       |     2 ||     2
   Stab: Sleeping          |     6 |     3 ||     9
 Armour: Robe              |    77 |    37 ||   114
  Dodge: Dodged            |    94 |    24 ||   118
  Block: Buckler           |     9 |    17 ||    26
